 Dungeon Crawl Stone Soup version 0.30-a0-632-g346586fe48 (webtiles) character file.

Game seed: 13705801502229195921

6 ragingrage the Sneak (level 1, -9/19 HPs)
             Began as a Hill Orc Delver on Jan 13, 2023.
             Mangled by an orc
             ... wielding a +0 morningstar
              (11 damage)
             ... on level 6 of the Dungeon.
             The game lasted 00:00:28 (126 turns).

ragingrage the Sneak (Hill Orc Delver)               Turns: 126, Time: 00:00:29

Health: -9/19      AC:  3    Str: 14    XL:     1   Next: 90%
Magic:  1/1        EV: 11    Int: 10    God:
Gold:   0          SH:  0    Dex: 12    Spells: 0/0 levels left

rFire   . . .      SeeInvis .    a - +0 hand axe
rCold   . . .      Faith    .    (no shield)
rNeg    . . .      Spirit   .    b - +0 leather armour
rPois   .          Reflect  .    (no helmet)
rElec   .          Harm     .    (no cloak)
rCorr   .          Rampage  .    (no gloves)
Will    .....                    (no boots)
Stlth   ++                       (no amulet)
HPRegen 0.23/turn                (no ring)
MPRegen 0.07/turn                (no ring)

@: no status effects
A: no striking features
a: no special abilities


You were on level 6 of the Dungeon.
You visited 1 branch of the dungeon, and saw 2 of its levels.

Inventory:

Hand Weapons
 a - a +0 hand axe (weapon)
Missiles
 h - 4 poisoned darts (quivered)
Armour
 b - a +0 leather armour (worn)
Wands
 g - a wand of digging (3)
Scrolls
 c - a scroll of fog
 d - a scroll of magic mapping
 e - a scroll of fear
 i - a scroll of poison {unknown}
Potions
 f - a potion of haste


   Skills:
 - Level 3.6 Fighting
 + Level 3.5 Axes
 - Level 1.5 Dodging
 - Level 4.1 Stealth


You couldn't memorise any spells.
You didn't know any spells.
Your spell library was empty.

Dungeon Overview and Level Annotations

Branches:
Dungeon (6/15)
 Temple: D:4-7

Altars:

Shops:
D:6 :


Message History

You kill the orc!
You hit the orc.
The orc is severely wounded.
The orc hits you with a +0 dagger.
You barely miss the orc.
The orc is severely wounded.
The orc hits you but does no damage. The orc barely misses you.
You hit the orc.
You kill the orc!
Things that are here:
a +0 dagger; a +0 club; an orc corpse
Things that are here:
a +0 club; an orc corpse
h - a poisoned dart You start resting.
h - 2 poisoned darts (gained 1)
h - 4 poisoned darts (gained 2)
h - 5 poisoned darts (gained 1)
There is a stone staircase leading up here.
You start resting.
HP restored.
Found a scroll labelled TIJOAG DIOHICW.
The orc shouts!
You throw a poisoned dart.
The poisoned dart closely misses the orc.
You hit the orc but do no damage. The orc hits you with a +0 morningstar.
You hit the orc but do no damage. The orc barely misses you.
You hit the orc but do no damage. The orc hits you with a +0 morningstar.
You hit the orc but do no damage. The orc misses you.
You barely miss the orc. The orc hits you with a +0 morningstar!
Ouch! That really hurt!
* * * LOW HITPOINT WARNING * * *
You hit the orc.
The orc is lightly wounded.
The orc hits you but does no damage.
You hit the orc but do no damage.
The orc is lightly wounded.
The orc hits you with a +0 morningstar!
Ouch! That really hurt!
You die...

#############
#..<....))..#
#.#########.#
# #.# #.#
#.#.# #.#
#.#.#######
#.#
#.........#
#.#
#...#@#..##.#
#.#
#.....o..#
#.#
#..⌠..?⌠.#
#....∩..(#
##?⌠...⌠.#
#........
###.#..... #.
.#####


You could see an orc.

Vanquished Creatures
  3 orcs (D:6)
3 creatures vanquished.

Notes
Turn   | Place    | Note
-------+----------+-------------------------------------------
     0 | D:5      | ragingrage the Hill Orc Delver began the quest for the Orb.
     0 | D:5      | Reached XP level 1. HP: 19/19 MP: 1/1
     1 | D:6      | Noticed a jelly
    50 | D:6      | Found Unyag's Vocational Training.
   126 | D:6      | Mangled by an orc

Illustrated notes

Levels and vault maps discovered:
D:5:      layout_basic, st_stairs_12
D:6:      layout_loops_ring, nicolae_shop_vocational

Skill      XL: |  1 |
---------------+----+-----
Axes           | 3 |  3.5
Fighting       | |  3.6
Dodging        | |  1.5
Stealth        | |  4.1

Action                   || total
-------------------------++-------
Melee: Hand axe          ||    16
Throw: Dart              ||     7
Armor: Leather armour    ||     2
Dodge: Dodged            ||     6

Table legend: (Time is in decaauts)
 A = Elapsed time spent in this place.
 B = Non-inter-level travel time spent in this place.
 C = Inter-level travel time spent in this place.
 D = Time resting spent in this place.
 E = Time spent auto-exploring this place.
 F = Levels seen in this place.
 G = Mean time per level.
                   A        B        C        D        E       F      G
               +--------+--------+--------+--------+--------+-----+--------+
         Total |    128 |    121 |      7 |      3 |     40 |   2 |   64.0 |
       Dungeon |    128 |    121 |      7 |      3 |     40 |   2 |   64.0 |
               +--------+--------+--------+--------+--------+-----+--------+

Top non-repeatable levels by time:
     D:6: 83 daAuts
     D:5: 44 daAuts
